 Dungeon Crawl Stone Soup version 0.19.0-19-g8c6edcc (console) character file.

16575 Kloppie the Basher (level 12, -6/102 HPs)
             Began as a Demonspawn Berserker on Nov 12, 2016.
             Was a High Priest of Trog.
             Mangled by Rupert
             ... wielding a +4 vampiric great sword
              (28 damage)
             ... on level 3 of the Lair of Beasts.
             The game lasted 00:17:20 (10884 turns).

Kloppie the Basher (Demonspawn Berserker)          Turns: 10884, Time: 00:17:21

Health: -6/102     AC: 23    Str: 19    XL:     12   Next: 11%
Magic:  12/12      EV: 10    Int: 10    God:    Trog [*****.]
Gold:   531        SH:  0    Dex: 17    Spells: 0 memorised, 11 levels left

rFire  + + .     SeeInvis .     a - +4 dire flail
rCold  . . .     Gourm    .     w - +0 plate armour
rNeg   . . .     Faith    .     (shield currently unavailable)
rPois  .         Spirit   .     D - +1 helmet
rElec  .         Reflect  .     v - +0 cloak
rCorr  .         Harm     .     (gloves unavailable)
MR     ++...                    y - +2 pair of boots of the Vestibule of Hell {rF+}
Stlth  ..........               O - amulet of regeneration
                                o - +2 ring of intelligence
                                b - +3 ring of protection

@: regenerating, drained
A: claws 3, repulsion field 2, fire resistance 1, spiny 1
a: Berserk, Trog's Hand, Brothers in Arms, Burn Spellbooks, Renounce Religion


You were on level 3 of the Lair of Beasts.
You worshipped Trog.
Trog was extremely pleased with you.
You were not hungry.

You visited 2 branches of the dungeon, and saw 13 of its levels.
You also visited: Sewer.

You collected 651 gold pieces.
You spent 120 gold pieces at shops.

Inventory:

Hand Weapons
 a - a +4 dire flail (weapon)
 m - a +0 morningstar
 C - a +1 mace of crushing
Armour
 v - a +0 cloak (worn)
 w - a +0 plate armour (worn)
 y - the +2 pair of boots of the Vestibule of Hell (worn) {rF+}
   (You found it on level 9 of the Dungeon)

   It protects you from fire.
 D - a +1 helmet (worn)
Jewellery
 b - a +3 ring of protection (left claw)
 h - an uncursed ring of flight
 o - a +2 ring of intelligence (right claw)
 q - an uncursed ring of magical power
 O - an amulet of regeneration (around neck)
 P - an uncursed ring of ice
Wands
 d - a wand of teleportation (4/9)
 E - a wand of hasting (5/9)
Scrolls
 e - 10 scrolls of remove curse
 g - 4 scrolls of teleportation
 j - 2 scrolls of enchant weapon
 l - 3 scrolls of magic mapping
 p - a scroll of fog
 u - a scroll of enchant armour
 H - 3 scrolls of recharging
Potions
 f - 2 potions of cancellation
 i - 4 potions of flight
 k - 4 potions of heal wounds
 t - 4 potions of agility
 x - 3 potions of curing
 z - a potion of invisibility
 B - 3 potions of cure mutation
 I - 2 potions of might
 J - 2 potions of haste
 K - a potion of beneficial mutation {unknown}
Books
 G - a book of Maledictions

   Spells                             Type                      Level
   a - Corona                         Hexes                        1
   b - Ensorcelled Hibernation        Hexes/Ice                    2
   c - Confuse                        Hexes                        3
   d - Tukima's Dance                 Hexes                        3
   e - Dazzling Spray                 Conjuration/Hexes            3
   Trog disapproves of the use of such an item.
 L - a book of Enchantments

   Spells                             Type                      Level
   a - Cause Fear                     Hexes                        4
   b - Yara's Violent Unravelling     Hexes/Transmutation          5
   c - Silence                        Hexes/Air                    5
   d - Deflect Missiles               Charms/Air                   6
   e - Discord                        Hexes                        8
   Trog disapproves of the use of such an item.
 M - a book of Misfortune

   Spells                             Type                      Level
   a - Confusing Touch                Hexes                        1
   b - Confuse                        Hexes                        3
   c - Gell's Gravitas                Hexes/Translocation          3
   d - Petrify                        Transmutation/Earth          4
   e - Metabolic Englaciation         Hexes/Ice                    5
   f - Yara's Violent Unravelling     Hexes/Transmutation          5
   Trog disapproves of the use of such an item.
Comestibles
 c - 12 bread rations
 n - 7 beef jerkies
 r - 2 fruits
 s - 2 slices of pizza
 A - a meat ration


   Skills:
 + Level 12.0(11.9) Fighting
 + Level 13.0(12.9) Maces & Flails
 - Level 7.1(7.0) Armour
 - Level 1.7(1.6) Dodging


You had 11 spell levels left.
You didn't know any spells.

Dungeon Overview and Level Annotations

Branches:
Dungeon (10/15)            Temple (0/1) D:7            Lair (3/6) D:9
 Shoals (0/4) Lair:2          Orc (0/2) D:9
  Snake: Lair:2-4    Spider: Lair:2-4

Altars:
Fedhas
Kikubaaqudgha
Okawaru
Uskayaw
Vehumet
Yredelemnul

Shops:
D:5 !   D:8 *:[[   D:10 *

Annotations:
D:1 1 runed door
D:6 1 runed door
Lair:3 exclusion: oklob plant, Rupert


Innate Abilities, Weirdness & Mutations

You have claws for hands.
You are surrounded by a moderate repulsion field. (EV +3)
Your flesh is heat resistant. (rF+)
You are partially covered in sharp spines.


Message History

Rupert is struck by your spines.
Rupert hits you with a vampiric great sword!
Rupert draws strength from your wounds! Rupert is struck by your spines.
Rupert hits you but does no damage.
Rupert rages.
Rupert is struck by your spines.
Rupert hits you with a vampiric great sword!!
Rupert draws strength from your wounds!
Your skin crawls.
You feel resistant to hostile enchantments.
You feel somewhat more hungry. Rupert is struck by your spines.
Rupert hits you but does no damage. Rupert is struck by your spines.
Rupert hits you with a vampiric great sword!!
* * * LOW HITPOINT WARNING * * *
Rupert rages.
Rupert hits you with a vampiric great sword!!
* * * LOW HITPOINT WARNING * * *
Rupert hits you with a vampiric great sword!!
You die...

.....................#
.....................#
PP.............###.P.##
......................#
.#..##......)........##
......................#
P.#P...#..P..#.PPP...###
................P@.....#
.....#...P...P..@.....##
......................#
.....#...P#...........#
.......(.............##
.#.#P.#..#...P...#P..#
..... ..............#
###..##.###### ### ##


You could see Rupert (berserk).

Vanquished Creatures
  Snorg (Lair:3)
  2 hydras
  A cyclops (D:10)
  A black mamba (Lair:3)
  5 spiny frogs
  A rime drake (Lair:2)
  3 trolls
  A hornet (D:10)
  A two-headed ogre (D:8)
  2 hippogriffs
  A wraith (D:8)
  23 yaks
  A basilisk (Lair:2)
  5 water moccasins
  3 porcupines
  Duvessa (D:4)
  4 ice beasts
  2 orc warriors
  3 phantoms
  4 sky beasts
  A black bear (D:6)
  3 necrophages
  4 centaurs
  14 wolves
  4 ogres
  3 crocodiles
  A gnoll sergeant (D:10)
  8 bullfrogs
  2 wyvern zombies
  Dowan (D:4)
  A water moccasin zombie (D:6)
  A scorpion (D:4)
  3 killer bees (D:8)
  6 howler monkeys
  7 electric eels
  3 crimson imps
  9 hounds
  A jelly (D:10)
  An orc priest (D:10)
  2 orc wizards
  A bullfrog skeleton (D:5)
  2 iguanas
  11 worker ants
  2 hound skeletons
  11 adders
  7 gnolls
  2 shadow imps
  An ooze (D:2)
  3 adder skeletons
  A dart slug (D:1)
  12 leopard geckos
  9 orcs
  A ball python (D:3)
  3 giant cockroaches
  5 goblins
  3 hobgoblins
  9 jackals
  9 quokkas
  7 bats
  3 frilled lizards
  8 kobolds
  2 kobold zombies (D:6)
  6 rats
258 creatures vanquished.

Vanquished Creatures (others)
  A jackal (D:9)
  A fungus (Lair:1)
  A plant (Lair:2)
3 creatures vanquished.

Grand Total: 261 creatures vanquished

Notes
Turn   | Place    | Note
-------+----------+-------------------------------------------
     0 | D:1      | Kloppie the Demonspawn Berserker began the quest for the Orb.
     0 | D:1      | Reached XP level 1. HP: 18/18 MP: 1/1
     1 | D:1      | Found a runed door.
   125 | D:1      | Reached skill level 3 in Maces & Flails
   453 | D:1      | Gained mutation: You have sharp fingernails. [demonic ancestry]
   453 | D:1      | Reached XP level 2. HP: 24/24 MP: 2/2
   945 | D:2      | Gained mutation: You are partially covered in sharp spines. [demonic ancestry]
   945 | D:2      | Reached XP level 3. HP: 6/29 MP: 3/3
   949 | D:2      | HP: 2/43 [poisoned by an adder]
  1816 | D:3      | Reached ** piety under Trog
  1958 | D:3      | Gained mutation: You have very sharp fingernails. [demonic ancestry]
  1958 | D:3      | Reached XP level 4. HP: 37/37 MP: 4/4
  2292 | D:3      | Found a faded altar of an unknown god.
  2800 | D:4      | Reached skill level 4 in Maces & Flails
  2821 | D:4      | Gained mutation: Your flesh is heat resistant. (rF+) [demonic ancestry]
  2821 | D:4      | Reached XP level 5. HP: 32/42 MP: 5/5
  2884 | D:4      | Noticed Duvessa
  2884 | D:4      | Noticed Dowan
  2895 | D:4      | Killed Duvessa
  2895 | D:4      | Reached skill level 5 in Maces & Flails
  2895 | D:4      | Gained mutation: You have claws for hands. [demonic ancestry]
  2895 | D:4      | Reached XP level 6. HP: 46/48 MP: 6/6
  2898 | D:4      | Killed Dowan
  3230 | D:5      | Entered Level 5 of the Dungeon
  3545 | D:5      | Found a glowing drain.
  3561 | D:5      | Reached *** piety under Trog
  3561 | D:5      | Reached XP level 7. HP: 48/53 MP: 7/7
  3601 | D:5      | Found an ancient bone altar of Kikubaaqudgha.
  3779 | D:5      | Reached skill level 6 in Maces & Flails
  3804 | D:5      | Found Wonubic's Distillery.
  3812 | D:5      | Bought 2 potions of degeneration for 28 gold pieces
  3812 | D:5      | Bought a potion of curing for 42 gold pieces
  3884 | Sewer    | Entered a sewer
  3937 | Sewer    | Reached skill level 5 in Armour
  4246 | D:6      | Reached XP level 8. HP: 39/60 MP: 8/8
  4485 | D:6      | Reached skill level 7 in Maces & Flails
  4519 | D:6      | Found a runed door.
  4526 | D:6      | Found a basalt altar of Yredelemnul.
  5301 | D:7      | Found a staircase to the Ecumenical Temple.
  5399 | D:7      | Reached skill level 8 in Maces & Flails
  5431 | D:7      | Found an iron altar of Okawaru.
  5494 | D:7      | Reached **** piety under Trog
  5650 | D:7      | Found a blossoming altar of Fedhas.
  5962 | D:8      | Found Toosuser's Armour Emporium.
  6093 | D:8      | Gained mutation: You are surrounded by a mild repulsion field. (EV +2) [demonic ancestry]
  6093 | D:8      | Reached XP level 9. HP: 65/65 MP: 9/9
  6209 | D:8      | Reached skill level 5 in Fighting
  6236 | D:8      | Found Kullem's Book Shoppe.
  6326 | D:8      | Reached skill level 9 in Maces & Flails
  6383 | D:8      | Found a hide-covered altar of Uskayaw.
  6383 | D:8      | Noticed a dagger
  6384 | D:8      | Noticed a dagger
  6420 | D:8      | Found Ahyan's General Store.
  6445 | D:8      | Bought a scroll of identify for 20 gold pieces
  6713 | D:8      | Found Jasa's Armour Shoppe.
  6824 | D:9      | Noticed a troll
  6833 | D:9      | Killed a troll
  6884 | D:9      | Gained mutation: You are surrounded by a moderate repulsion field. (EV +3) [demonic ancestry]
  6884 | D:9      | Reached XP level 10. HP: 76/79 MP: 10/10
  6904 | D:9      | Reached skill level 10 in Maces & Flails
  6996 | D:9      | Found a staircase to the Lair.
  7003 | D:9      | Found a staircase to the Orcish Mines.
  7210 | D:9      | Got a pair of spiked boots
  7226 | D:9      | Identified the +2 pair of boots of the Vestibule of Hell {rF+} (You found it on level 9 of the Dungeon)
  7297 | D:9      | Found a radiant altar of Vehumet.
  7703 | D:10     | Entered Level 10 of the Dungeon
  7842 | D:10     | Reached ***** piety under Trog
  8057 | D:10     | Reached skill level 11 in Maces & Flails
  8255 | D:10     | Found Figun's Assorted Antiques.
  8267 | D:10     | Bought a scroll labeled QONAKU OC WAROQEOH for 30 gold pieces
  8409 | D:10     | Received a gift from Trog
  8616 | D:10     | Noticed a cyclops
  8629 | D:10     | Killed a cyclops
  8722 | Lair:1   | Entered Level 1 of the Lair of Beasts
  8807 | Lair:1   | Reached XP level 11. HP: 61/90 MP: 11/11
  9124 | Lair:1   | Reached skill level 10 in Fighting
  9523 | Lair:2   | Received a gift from Trog
  9623 | Lair:2   | Found a staircase to the Shoals.
  9628 | Lair:2   | Reached skill level 12 in Maces & Flails
 10265 | Lair:3   | Noticed Snorg
 10274 | Lair:3   | Killed Snorg
 10285 | Lair:3   | Noticed a four-headed hydra
 10294 | Lair:2   | Killed a four-headed hydra
 10474 | Lair:3   | Noticed an oklob plant
 10555 | Lair:3   | Reached XP level 12. HP: 67/102 MP: 12/12
 10780 | Lair:3   | Noticed a six-headed hydra
 10789 | Lair:3   | Killed a six-headed hydra
 10789 | Lair:3   | Reached skill level 13 in Maces & Flails
 10865 | Lair:3   | Noticed Rupert
 10884 | Lair:3   | Mangled by Rupert

Skill      XL: |  1  2  3  4  5  6  7  8  9 10 11 12 |
---------------+-------------------------------------+-----
Maces & Flails | 3 4 5 6 8 9 11 12 13 | 13.0
Armour         | 2 3 4 5 7 |  7.1
Fighting       | 4 7 9 11 12 | 12.0
Dodging        | |  1.7

Action                   |  1- 3 |  4- 6 |  7- 9 | 10-12 || total
-------------------------+-------+-------+-------+-------++-------
Melee: Mace              |    93 |    92 |   290 |   274 ||   749
       Dire flail        |       |       |       |   192 ||   192
Invok: Berserk           |     2 |     3 |     2 |     6 ||    13
       Trog's Hand       |       |       |       |     2 ||     2
  Use: Potion            |     1 |       |     1 |       ||     2
       Scroll            |       |       |    20 |     6 ||    26
  Eat: Chunk             |     5 |     7 |    14 |     4 ||    30
       Meat ration       |       |       |       |     3 ||     3
Armor: Animal skin       |    11 |       |       |       ||    11
       Scale mail        |    14 |       |       |       ||    14
       Plate armour      |     2 |    69 |   198 |   262 ||   531
Dodge: Dodged            |    73 |    34 |   102 |   165 ||   374
